 Dungeon Crawl Stone Soup version 0.28.0-45-g0d030f2227 (webtiles) character file.

Game seed: 17994267123397014310

3 MisterFreud the Cutter (level 1, 0/23 HPs)
             Began as a Gnoll Cinder Acolyte on Apr 18, 2022.
             Was a High Priest of Ignis.
             Slain by a ball python (3 damage)
             ... on level 1 of the Dungeon.
             The game lasted 00:00:13 (127 turns).

MisterFreud the Cutter (Gnoll Cinder Acolyte)        Turns: 127, Time: 00:00:14

Health: 0/23       AC:  2    Str: 13    XL:     1   Next: 50%
Magic:  4/4        EV:  8    Int: 13    God:    Ignis [*****.]
Gold:   0          SH:  0    Dex:  7    Spells: 5/5 levels left

rFire   + . .      SeeInvis .   a - -1 short sword (flame)
rCold   . . .      Faith    .   (no shield)
rNeg    . . .      Spirit   .   b - +0 robe
rPois   .          Reflect  .   (no helmet)
rElec   .          Harm     .   (no cloak)
rCorr   .          Rampage  .   (no gloves)
Will    .....                   (no boots)
Stlth   +.........              (no amulet)
HPRegen 0.07/turn               (no ring)
MPRegen 0.09/turn               (no ring)

@: constricted
A: fangs 1, strong nose, distributed training
a: Renounce Religion, Fiery Armour, Foxfire Swarm, Rising Flame


You were on level 1 of the Dungeon.
You worshipped Ignis.
Ignis was extremely pleased with you.
You visited 1 branch of the dungeon, and saw 2 of its levels.

Inventory:

Hand Weapons
 a - a -1 short sword of flaming (weapon)
Missiles
 c - 4 poisoned darts (quivered)
Armour
 b - a +0 robe (worn)
Scrolls
 d - a scroll of amnesia {unknown}


   Skills:
 + Level 6.4 Fighting
 + Level 6.4 Short Blades
 + Level 0.0 Long Blades
 + Level 0.0 Axes
 + Level 0.0 Maces & Flails
 + Level 0.0 Polearms
 + Level 0.0 Staves
 + Level 0.0 Slings
 + Level 0.0 Bows
 + Level 0.0 Crossbows
 + Level 0.0 Throwing
 + Level 0.0 Armour
 + Level 0.0 Dodging
 + Level 0.0 Stealth
 + Level 0.0 Shields
 + Level 0.0 Unarmed Combat
 + Level 2.6 Spellcasting
 + Level 0.0 Conjurations
 + Level 0.0 Hexes
 + Level 0.0 Summonings
 + Level 0.0 Necromancy
 + Level 0.0 Translocations
 + Level 0.0 Transmutations
 + Level 5.3 Fire Magic
 + Level 0.0 Ice Magic
 + Level 0.0 Air Magic
 + Level 0.0 Earth Magic
 + Level 0.0 Poison Magic
 + Level 0.1 Invocations
 + Level 0.0 Evocations


You had 5 spell levels left.
You didn't know any spells.
Your spell library contained the following spells:

 Spells                   Type           Power      Damage    Failure   Level
 Scorch                   Fire           30%        2d6       4%          2


Dungeon Overview and Level Annotations

Branches:
Dungeon (2/15)

Altars:


Innate Abilities, Weirdness & Mutations

You have very sharp teeth.
Your uncanny sense of smell can sniff out nearby items.
Your experience applies equally to all skills.


Message History

d - a scroll labelled VAOX YMANT A bat comes into view.
A sourceless malevolence fills the Dungeon...
You fall into a shaft and drop 1 floor!
The shaft crumbles and collapses.
An endoplasm comes into view.
Found an escape hatch in the ceiling.
An endoplasm is nearby!
The endoplasm quivers.
The endoplasm hits you.
You barely miss the endoplasm. You hit the endoplasm but do no damage.
The endoplasm hits you.
An endoplasm is nearby!
You barely miss the endoplasm. The endoplasm barely misses you.
An endoplasm is nearby!
You hit the endoplasm. You burn the endoplasm.
The endoplasm is almost dead.
The endoplasm barely misses you.
You hit the endoplasm. You burn the endoplasm.
You kill the endoplasm!
HP restored.
You open the door.
There is an open door here.
A gnoll comes into view. It is wielding a +0 club.
Found a stone staircase leading up. 2 gnolls come into view.
The gnoll shouts! x3
The gnoll hits you with a +0 club.
There are monsters nearby!
There are monsters nearby!
The gnoll closely misses you.
There is a stone staircase leading up here.
The gnoll hits you with a +0 club. x2; The gnoll hits you with a +0 flail.
* * * LOW HITPOINT WARNING * * *
You climb upwards.
The ball python bites you.
* * * LOW HITPOINT WARNING * * *
The ball python grabs you. The ball python constricts you.
* * * LOW HITPOINT WARNING * * *
The ball python bites you.
You die...

#Pā‰ˆā‰ˆ #.
#### #.
+...
###.#######
####
.........
#PP.
#.......
#P..
#####.....#
##P.
......S...#
##P #..@..#
## #.ggg.#
# ##.####
#. #. #. #.
..


You could see 3 gnolls and a ball python.

Vanquished Creatures
  An endoplasm (D:2)
  A goblin (D:1)
  A kobold (D:1)
3 creatures vanquished.

Notes
Turn   | Place    | Note
-------+----------+-------------------------------------------
     0 | D:1      | MisterFreud the Gnoll Cinder Acolyte began the quest for
                  | the Orb.
     0 | D:1      | Reached XP level 1. HP: 23/23 MP: 4/4
    58 | D:1      | You fall into a shaft and drop 1 floor!
   127 | D:1      | Slain by a ball python

Illustrated notes

Levels and vault maps discovered:
D:1:      psy_arrival_terrarium, layout_loops_ring, minmay_misc_feat_alley,
          corner_web_ring
D:2:      layout_basic, shapermc_ecumenical_altar_acropolis,
          nicolae_figureground_sparkle

Action                   || total
-------------------------++-------
Melee: Short sword       ||     8
Dodge: Dodged            ||     5
